 Dungeon Crawl Stone Soup version 0.30.0-5-g1a98f26d00 (webtiles) character file.

Game seed: 15789398415849711639

122 hwolsky the Gusty (level 4, 33/33 HPs) *EXPLORE*
             Began as a Draconian Air Elementalist on May 3, 2023.
             Quit the game on level 3 of the Dungeon on May 10, 2023.
             The game lasted 00:10:09 (2434 turns).

hwolsky the Gusty (Draconian Air Elementalist)      Turns: 2434, Time: 00:10:10

Health: 33/33      AC:  5    Str: 15    XL:     4   Next: 78%
Magic:  7/7        EV: 12    Int: 16    God:
Gold:   89         SH:  0    Dex: 10    Spells: 1/7 levels left

rFire   . . .        (no weapon)
rCold   . . .        (no shield)
rNeg    . . .        (body armour unavailable)
rPois   .            (helmet restricted)
rElec   .            (no cloak)
rCorr   .            (no gloves)
SInv    .            (no boots)
Will    .....        (no amulet)
Stlth   ++           (no ring)
HPRegen 0.25/turn    (no ring)
MPRegen 0.10/turn

%: no passive effects
@: on berserk cooldown
A: AC +5, unfitting armour, cold-blooded, strong 1
a: no special abilities


You were on level 3 of the Dungeon.
You visited 1 branch of the dungeon, and saw 3 of its levels.

You collected 89 gold pieces.

Inventory:

Missiles
 g - 2 javelins
 i - 13 poisoned darts
Potions
 a - a potion of magic
 b - 2 potions of flight
 c - a potion of heal wounds
 h - 2 potions of curing


   Skills:
 + Level 2.7 Dodging
 - Level 1.9 Stealth
 - Level 2.0 Spellcasting
 + Level 2.3 Conjurations
 * Level 4.4 Air Magic


You had one spell level left.
You knew the following spells:

 Your Spells              Type           Power      Damage    Failure   Level
a - Shock                 Conj/Air       48%        1d6       5%          1
b - Static Discharge      Conj/Air       24%        2-3/arc   8%          2
c - Swiftness             Air            15%        N/A       10%         3

Your spell library contained the following spells:

 Spells                   Type           Power      Damage    Failure   Level
 Vhi's Electric Charge    Tloc/Air       16%        N/A       26%         3
 Airstrike                Air            7%         2d(2-18)  32%         4
 Arcjolt                  Conj/Air       6%         1d16      82%         5
 Maxwell's Capacitive Co  Air            7%         ∞         100%        8


Dungeon Overview and Level Annotations

Branches:
Dungeon (3/15)

Altars:

Shops:
D:3 :(


Innate Abilities, Weirdness & Mutations

Your plain brown scales are hard. (AC +5)
You cannot fit into any form of body armour.
You are cold-blooded and may be slowed by cold attacks.
Your muscles are strong. (Str +4, Int/Dex -1)


Message History

You feel your anger nearly subside.
You are no longer berserk.
You are exhausted.
You feel yourself slow down.
You see here a +0 leather armour.
Found Maxwell's Memoranda.
It was a potion of cancellation.
Your magical effects are unravelling.
You feel magically purged.
You feel yourself speed up.
You feel a little less mighty now.
You feel a little less clever now.
You pick up Maxwell's Memoranda and begin reading...
You add the spells Vhi's Electric Charge, Arcjolt and Maxwell's Capacitive Coupling to your library.
Your shopping list is now empty.
Found a buckler.
A hobgoblin comes into view.
Found a potion of curing.
You're too inexperienced to learn that spell!
The hobgoblin shouts!
You hit the hobgoblin but do no damage. The hobgoblin barely misses you.
You closely miss the hobgoblin. The hobgoblin misses you.
You hit the hobgoblin.
Your tail-slap misses the hobgoblin.
The hobgoblin is moderately wounded.
The hobgoblin closely misses you.
You closely miss the hobgoblin.
The hobgoblin is moderately wounded.
The hobgoblin hits you.
You closely miss the hobgoblin. Your punch misses the hobgoblin.
The hobgoblin is moderately wounded.
The hobgoblin barely misses you.
You hit the hobgoblin.
You tail-slap the hobgoblin, but do no damage.
The hobgoblin is heavily wounded.
The hobgoblin misses you.
You hit the hobgoblin. You tail-slap the hobgoblin.
You kill the hobgoblin!
h - 2 potions of curing (gained 1) Save game and exit?
Welcome back, hwolsky the Draconian Air Elementalist.
Press ? for a list of commands and other information.
Are you sure you want to abandon this character and quit the game? (Confirm with "yes".)

,***,,,,,,,,***,,,,,,,,*,********
,,,,..,,,,,,,,',,,,,,,,',,,,,,,,,
,,,,.#*********,,,,,,,,*,********
,,,,.# ********,,,,,,,,,,* ####.#
*,,,,,,,,,,* .....###******
*,,,,,,,,,,* .......#*,,,,#######
***,,,,,,,,*
.....#.##..,,#.....#****,***####*
...........,,+..@..+,,,,,* #...#
..†.#####.,,*#.....####****#...#
....'.#####,*#.....##..,,,,+...*
....#.#.).#,,#.....##.#****#..,*
#<###'#...#*,#.....##.# #.#**
#+##......##.#...[.##.######.####
..........##.......##............
..........###+####.....#####.####
.........## *****####### #[# ##


There were no monsters in sight!

Vanquished Creatures
  4 gnolls (D:3)
  An adder (D:2)
  2 worms
  3 dart slugs
  3 endoplasms
  7 giant cockroaches
  4 hobgoblins
  10 jackals
  5 kobolds
  A quokka (D:3)
  7 ball pythons
  7 bats
  2 frilled lizards
  4 goblins
  A rat (D:2)
61 creatures vanquished.

Notes
Turn   | Place    | Note
-------+----------+-------------------------------------------
     0 | D:1      | hwolsky the Draconian Air Elementalist began the quest for
                  | the Orb.
     0 | D:1      | Reached XP level 1. HP: 14/14 MP: 3/3
   284 | D:1      | Entered explore mode.
   350 | D:1      | Reached XP level 2. HP: 20/20 MP: 1/5
   391 | D:1      | HP: 1/20 [bat (1)]
   403 | D:1      | HP: 1/20 [jackal (1)]
   404 | D:1      | Slain by a bat (1 damage)
   449 | D:1      | Found a faded altar of an unknown god.
   627 | D:1      | Reached XP level 3. HP: 23/26 MP: 6/6
   657 | D:1      | Learned a level 2 spell: Static Discharge
   661 | D:1      | Learned a level 3 spell: Swiftness
  1521 | D:2      | Reached skill level 4 in Air Magic
  1560 | D:2      | Slain by a worm (10 damage)
  1570 | D:2      | Reached XP level 4. HP: 18/33 MP: 0/7
  2160 | D:3      | Found Pohisch's Book Shop.
  2230 | D:3      | Slain by a gnoll
                  | ... wielding a +0 flail
                  | (5 damage)
  2233 | D:3      | HP: 1/33 [gnoll/+0 spear (6)]
  2234 | D:3      | Mangled by a gnoll
                  | ... wielding a +0 flail
                  | (11 damage)
  2262 | D:3      | Slain by a gnoll
                  | ... wielding a +0 spear
                  | (3 damage)
  2274 | D:3      | Slain by a gnoll
                  | ... wielding a +0 spear
                  | (6 damage)
  2355 | D:3      | Found Geuf's Antique Weapon Boutique.
  2395 | D:3      | Gained mutation: Your muscles are strong. (Str +4, Int/Dex
                  | -1) [potion of mutation]
  2434 | D:3      | Upgraded the game from 0.30-b1-5-g8e6c1be481 to
                  | 0.30.0-5-g1a98f26d00
  2434 | D:3      | Quit the game

Illustrated notes

Levels and vault maps discovered:
D:1:      wander_arrival_estate, layout_basic, dreamdust_ecumenical_altar_grove,
          minmay_misc_feat_rows
D:2:      layout_rooms
D:3:      layout_basic, lemuel_zombie_altar_kikubaaqudgha, serial_shops, shop,
          shop, uniq_natasha

Skill      XL: |  1  2  3 |
---------------+----------+-----
Dodging        | 2 |  2.7
Air Magic      | 4 |  4.4
Conjurations   | 2 |  2.3
Stealth        | |  1.9
Spellcasting   | |  2.0

Action                     |  1- 3 |  4- 6 || total
---------------------------+-------+-------++-------
  Melee: Unarmed           |   198 |    45 ||   243
         Tailslap          |    21 |     6 ||    27
         Punch             |     2 |       ||     2
   Cast: Shock             |    53 |    21 ||    74
         Static Discharge  |     3 |     3 ||     6
    Use: Scroll            |     3 |     4 ||     7
         Potion            |       |     7 ||     7
 Armour: Skin              |   143 |    32 ||   175
  Dodge: Dodged            |   242 |    57 ||   299
